[ AOE2 MATCH · #484123249 ]
Team RMCelts vs Khmer
[ REPLAY ANALYSIS · EXTRACTED FROM THE RECORDED GAME ]
Feudal
11:00
Castle
15:45
Imperial
37:38
| APM avg | 17.6 |
| APM peak | 43 |
| eAPM avg | 13.8 |
| Villagers / military | 162 / 129 |
Focus
⚔️ 23.6% · 🌾 76.4%
Woad Raider ×57 · Spearman ×47 · Battering Ram ×13 · Mangonel ×12
Feudal
11:36
Castle
14:35
Imperial
—
| APM avg | 22.5 |
| APM peak | 60 |
| eAPM avg | 16.3 |
| Villagers / military | 124 / 129 |
Focus
⚔️ 29.8% · 🌾 70.2%
Battle Elephant ×81 · Ballista Elephant ×32 · Scorpion ×8 · Petard ×5 · Monk ×3
Feudal
10:05
Castle
13:45
Imperial
30:56
| APM avg | 19.8 |
| APM peak | 54 |
| eAPM avg | 12.9 |
| Villagers / military | 170 / 188 |
Focus
⚔️ 26.0% · 🌾 74.0%
Knight ×140 · War Elephant ×38 · Monk ×5 · Trebuchet (Packed) ×5
Feudal
10:24
Castle
15:10
Imperial
30:33
| APM avg | 26.3 |
| APM peak | 60 |
| eAPM avg | 16.9 |
| Villagers / military | 137 / 485 |
Focus
⚔️ 41.0% · 🌾 59.0%
Spearman ×229 · Skirmisher ×141 · Scorpion ×68 · Chu Ko Nu ×28 · Fire Lancer ×15 · Battering Ram ×4
Feudal
10:47
Castle
15:29
Imperial
29:17
| APM avg | 32.8 |
| APM peak | 76 |
| eAPM avg | 18.8 |
| Villagers / military | 164 / 133 |
Focus
⚔️ 24.2% · 🌾 75.8%
Knight ×72 · Skirmisher ×51 · Teutonic Knight ×3 · Petard ×2 · Scout Cavalry ×2 · Trebuchet (Packed) ×2
Feudal
11:22
Castle
15:21
Imperial
30:55
| APM avg | 31.4 |
| APM peak | 86 |
| eAPM avg | 17.2 |
| Villagers / military | 113 / 234 |
Focus
⚔️ 39.4% · 🌾 60.6%
Spearman ×127 · Militia ×49 · Scorpion ×33 · Battering Ram ×12 · Trebuchet (Packed) ×7 · Mangonel ×6
Feudal
10:41
Castle
17:42
Imperial
33:30
| APM avg | 33.1 |
| APM peak | 78 |
| eAPM avg | 22.6 |
| Villagers / military | 122 / 209 |
Focus
⚔️ 36.8% · 🌾 63.2%
Longbowman ×203 · Trebuchet (Packed) ×6 · Trade Cart ×4
Feudal
10:10
Castle
13:58
Imperial
32:48
| APM avg | 29.6 |
| APM peak | 59 |
| eAPM avg | 20.5 |
| Villagers / military | 160 / 263 |
Focus
⚔️ 47.1% · 🌾 52.9%
Skirmisher ×90 · Scout Cavalry ×90 · Fire Lancer ×49 · Unknown (1908) ×29 · Iron Pagoda ×25 · Trade Cart ×8
Match map
Initial resources + every placement click. Lines = walls · curves = elevation contours. ◆ gold · ⬟ stone · ● berries · ✦ relic · ◌ wall gap
Your base· ✓ Closed at 15:45 · 0t walls · 2 gate(s)
CTM | Chandler's base· ✓ Closed at 14:35 · 0t walls · 2 gate(s)
NPG | El Metafora's base· ✓ Closed at 13:45 · 0t walls · 3 gate(s)
久久's base· ✓ Closed at 15:10 · 0t walls · 2 gate(s)
Geo2ge's base· ✓ Closed at 15:29 · 0t walls · 3 gate(s)
马大帅's base· ✓ Closed at 15:21 · 0t walls · 3 gate(s)
-リューク's base· ✓ Closed at 17:42 · 0t walls · 2 gate(s)
中原めいこ's base· ✓ Closed at 13:58 · 0t walls · 3 gate(s)
Smoothed initial terrain · ◌ = detected wall gap · hover for details
Inputs per minute
— INandOutBandit - - CTM | Chandler
Build order — INandOutBandit
First 150 of 334 actions detected
| 0:02 | Build | House |
| 0:04 | Build | House |
| 0:04 | Create | Villager (Male) |
| 0:04 | Create | Villager (Male) |
| 0:05 | Create | Villager (Male) |
| 0:05 | Create | Villager (Male) |
| 0:05 | Create | Villager (Male) |
| 1:36 | Create | Villager (Male) |
| 1:36 | Create | Villager (Male) |
| 1:36 | Create | Villager (Male) |
| 1:51 | Create | Villager (Male) |
| 1:51 | Create | Villager (Male) |
| 2:22 | Create | Villager (Male) |
| 2:37 | Create | Villager (Male) |
| 2:37 | Create | Villager (Male) |
| 3:05 | Create | Villager (Male) |
| 3:05 | Create | Villager (Male) |
| 3:36 | Create | Villager (Male) |
| 3:36 | Create | Villager (Male) |
| 3:54 | Build | House |
| 3:56 | Build | House |
| 4:02 | Build | Mill |
| 4:04 | Create | Villager (Male) |
| 4:04 | Create | Villager (Male) |
| 4:04 | Create | Villager (Male) |
| 4:48 | Create | Villager (Male) |
| 4:49 | Create | Villager (Male) |
| 5:13 | Build | Barracks |
| 5:27 | Create | Villager (Male) |
| 5:27 | Create | Villager (Male) |
| 5:35 | Build | House |
| 5:42 | Create | Villager (Male) |
| 5:42 | Create | Villager (Male) |
| 6:04 | Create | Villager (Male) |
| 6:04 | Create | Villager (Male) |
| 6:27 | Build | Lumber Camp |
| 6:31 | Create | Villager (Male) |
| 7:07 | Create | Villager (Male) |
| 7:07 | Create | Villager (Male) |
| 8:22 | Build | Mining Camp |
| 8:46 | Research | Feudal Age |
| 9:29 | Build | House |
| 9:39 | Build | House |
| 10:35 | Build | Farm |
| 10:36 | Build | Farm |
| 10:55 | Create | Villager (Male) |
| 10:55 | Create | Villager (Male) |
| 10:55 | Create | Villager (Male) |
| 10:56 | Create | Villager (Male) |
| 10:57 | Create | Villager (Male) |
| 11:00 | Age | Feudal Age |
| 11:05 | Build | Blacksmith |
| 11:54 | Build | Archery Range |
| 12:00 | Build | House |
| 12:53 | Research | Castle Age |
| 13:00 | Build | Farm |
| 13:26 | Build | Farm |
| 13:27 | Build | Farm |
| 13:29 | Build | Farm |
| 13:51 | Build | Farm |
| 13:54 | Build | Farm |
| 14:24 | Build | Farm |
| 15:27 | Create | Villager (Male) |
| 15:28 | Create | Villager (Male) |
| 15:36 | Research | Double-Bit Axe |
| 15:37 | Research | Horse Collar |
| 15:40 | Create | Villager (Male) |
| 15:45 | Age | Castle Age |
| 15:47 | Build | Town Center |
| 16:06 | Build | Town Center |
| 16:12 | Create | Villager (Male) |
| 16:20 | Research | Bow Saw |
| 16:44 | Research | Stone Mining |
| 16:53 | Create | Villager (Male) |
| 16:56 | Create | Villager (Male) |
| 16:56 | Create | Villager (Male) |
| 17:17 | Create | Villager (Male) |
| 17:17 | Create | Villager (Male) |
| 17:26 | Build | Farm |
| 17:27 | Build | Farm |
| 17:28 | Build | Farm |
| 17:31 | Build | Farm |
| 17:34 | Build | Farm |
| 17:37 | Create | Villager (Male) |
| 17:37 | Create | Villager (Male) |
| 17:37 | Create | Villager (Male) |
| 17:48 | Create | Villager (Male) |
| 17:48 | Create | Villager (Male) |
| 17:49 | Create | Villager (Male) |
| 18:06 | Create | Villager (Male) |
| 18:11 | Build | Farm |
| 18:13 | Build | Farm |
| 18:16 | Build | Farm |
| 18:17 | Build | Farm |
| 18:19 | Build | Farm |
| 18:20 | Create | Villager (Male) |
| 18:21 | Create | Villager (Male) |
| 18:39 | Create | Villager (Male) |
| 18:40 | Create | Villager (Male) |
| 18:48 | Create | Villager (Male) |
| 19:06 | Create | Villager (Male) |
| 19:06 | Create | Villager (Male) |
| 19:08 | Create | Villager (Male) |
| 19:08 | Create | Villager (Male) |
| 19:11 | Build | Farm |
| 19:13 | Build | Farm |
| 19:14 | Build | Farm |
| 19:15 | Build | Farm |
| 19:20 | Create | Villager (Male) |
| 19:20 | Create | Villager (Male) |
| 19:20 | Create | Villager (Male) |
| 19:24 | Build | Farm |
| 19:25 | Build | Farm |
| 19:39 | Build | Barracks |
| 19:51 | Build | Siege Workshop |
| 19:57 | Create | Villager (Male) |
| 19:57 | Create | Villager (Male) |
| 19:58 | Create | Villager (Male) |
| 19:58 | Create | Villager (Male) |
| 20:04 | Build | House |
| 20:08 | Build | House |
| 20:24 | Build | Market |
| 20:27 | Create | Villager (Male) |
| 20:27 | Create | Villager (Male) |
| 20:27 | Create | Villager (Male) |
| 20:28 | Create | Villager (Male) |
| 20:28 | Create | Villager (Male) |
| 20:36 | Create | Spearman ×3 |
| 20:49 | Build | House |
| 21:01 | Build | House |
| 21:18 | Create | Mangonel |
| 21:22 | Build | House |
| 21:34 | Research | Gold Mining |
| 21:36 | Create | Villager (Male) |
| 21:37 | Create | Villager (Male) |
| 21:37 | Create | Villager (Male) |
| 21:37 | Create | Villager (Male) |
| 21:37 | Create | Villager (Male) |
| 22:16 | Build | Palisade Wall |
| 22:20 | Build | Palisade Wall |
| 22:55 | Create | Spearman ×5 |
| 23:03 | Build | House |
| 24:26 | Build | Castle |
| 24:36 | Build | House |
| 24:39 | Build | House |
| 24:41 | Build | House |
| 24:46 | Build | Palisade Wall |
| 24:59 | Create | Villager (Male) |
| 25:00 | Create | Villager (Male) |
| 25:00 | Create | Villager (Male) |
Build order — CTM | Chandler
First 150 of 415 actions detected
| 0:01 | Create | Villager (Male) |
| 0:01 | Create | Villager (Male) |
| 0:03 | Build | House |
| 0:05 | Build | House |
| 0:12 | Create | Villager (Male) |
| 0:12 | Create | Villager (Male) |
| 2:20 | Create | Villager (Male) |
| 2:20 | Create | Villager (Male) |
| 2:41 | Create | Villager (Male) |
| 2:41 | Create | Villager (Male) |
| 2:41 | Create | Villager (Male) |
| 2:42 | Create | Villager (Male) |
| 2:52 | Build | Lumber Camp |
| 3:40 | Build | House |
| 3:49 | Create | Villager (Male) |
| 3:49 | Create | Villager (Male) |
| 4:20 | Create | Villager (Male) |
| 4:21 | Create | Villager (Male) |
| 4:43 | Create | Villager (Male) |
| 4:43 | Create | Villager (Male) |
| 4:47 | Build | House |
| 5:47 | Build | Mill |
| 5:51 | Create | Villager (Male) |
| 6:03 | Create | Villager (Male) |
| 6:03 | Create | Villager (Male) |
| 6:57 | Create | Villager (Male) |
| 7:49 | Build | Lumber Camp |
| 8:11 | Create | Villager (Male) |
| 8:11 | Create | Villager (Male) |
| 8:12 | Create | Villager (Male) |
| 8:41 | Build | Lumber Camp |
| 8:50 | Research | Feudal Age |
| 9:12 | Build | Mining Camp |
| 9:29 | Create | Villager (Male) |
| 10:03 | Build | Mining Camp |
| 10:41 | Build | Farm |
| 10:59 | Build | Farm |
| 11:26 | Build | Farm |
| 11:36 | Age | Feudal Age |
| 11:38 | Create | Villager (Male) |
| 11:42 | Build | House |
| 11:50 | Create | Villager (Male) |
| 11:50 | Create | Villager (Male) |
| 11:55 | Research | Castle Age |
| 12:03 | Build | House |
| 12:04 | Build | House |
| 12:11 | Build | House |
| 12:32 | Research | Stone Mining |
| 12:55 | Research | Double-Bit Axe |
| 13:36 | Create | Villager (Male) |
| 13:44 | Build | Stable |
| 13:59 | Create | Villager (Male) |
| 14:07 | Build | Farm |
| 14:11 | Build | Farm |
| 14:31 | Create | Villager (Male) |
| 14:35 | Age | Castle Age |
| 14:45 | Create | Villager (Male) |
| 14:58 | Build | Monastery |
| 15:01 | Create | Villager (Male) |
| 15:56 | Build | Castle |
| 16:02 | Create | Monk |
| 16:04 | Create | Battle Elephant |
| 16:07 | Create | Villager (Male) |
| 16:07 | Create | Villager (Male) |
| 16:21 | Build | Farm |
| 16:21 | Build | Farm |
| 16:24 | Build | Farm |
| 16:27 | Build | Farm |
| 16:31 | Research | Horse Collar |
| 16:55 | Create | Villager (Male) |
| 17:30 | Create | Ballista Elephant |
| 17:42 | Research | Gold Mining |
| 18:03 | Build | Farm |
| 18:04 | Build | Farm |
| 18:07 | Build | Farm |
| 18:13 | Create | Ballista Elephant |
| 18:23 | Create | Villager (Male) |
| 18:34 | Build | Farm |
| 18:37 | Build | Farm |
| 18:53 | Create | Ballista Elephant |
| 19:34 | Create | Ballista Elephant |
| 19:35 | Create | Ballista Elephant |
| 19:43 | Build | Farm |
| 19:44 | Build | Farm |
| 19:44 | Build | Farm |
| 19:45 | Build | Farm |
| 19:45 | Build | Farm |
| 19:45 | Build | Farm |
| 19:52 | Create | Villager (Male) |
| 19:52 | Create | Villager (Male) |
| 19:52 | Create | Villager (Male) |
| 20:43 | Create | Petard |
| 20:43 | Create | Petard |
| 20:49 | Create | Ballista Elephant |
| 21:11 | Create | Ballista Elephant |
| 21:11 | Create | Ballista Elephant |
| 21:44 | Create | Ballista Elephant |
| 21:45 | Create | Ballista Elephant |
| 21:45 | Create | Villager (Male) |
| 21:45 | Create | Villager (Male) |
| 21:46 | Create | Villager (Male) |
| 21:48 | Build | Farm |
| 22:53 | Create | Ballista Elephant |
| 22:53 | Create | Ballista Elephant |
| 22:53 | Create | Ballista Elephant |
| 23:11 | Create | Battle Elephant |
| 23:12 | Create | Battle Elephant |
| 23:12 | Create | Battle Elephant |
| 23:26 | Create | Villager (Male) |
| 23:26 | Create | Villager (Male) |
| 23:29 | Research | Loom |
| 23:35 | Build | Farm |
| 23:35 | Build | Farm |
| 23:35 | Build | Farm |
| 23:35 | Build | Farm |
| 23:36 | Build | Farm |
| 23:36 | Build | Farm |
| 23:36 | Build | Farm |
| 23:36 | Build | Farm |
| 23:37 | Build | Farm |
| 23:45 | Create | Villager (Male) |
| 23:45 | Create | Villager (Male) |
| 23:59 | Build | House |
| 23:59 | Build | House |
| 23:59 | Build | House |
| 24:10 | Create | Ballista Elephant |
| 24:21 | Create | Ballista Elephant |
| 24:25 | Research | Husbandry |
| 24:43 | Create | Villager (Male) |
| 24:43 | Create | Villager (Male) |
| 24:44 | Create | Villager (Male) |
| 25:36 | Create | Villager (Male) |
| 25:36 | Create | Villager (Male) |
| 25:41 | Build | Blacksmith |
| 26:06 | Create | Ballista Elephant |
| 26:06 | Create | Ballista Elephant |
| 26:09 | Create | Villager (Male) |
| 26:09 | Create | Villager (Male) |
| 26:09 | Create | Villager (Male) |
| 26:14 | Research | Bloodlines |
| 26:27 | Create | Ballista Elephant |
| 26:27 | Create | Ballista Elephant |
| 26:55 | Create | Petard |
| 26:55 | Create | Petard |
| 26:58 | Create | Petard |
| 27:09 | Research | Scale Barding Armor |
| 27:11 | Research | Padded Archer Armor |
| 27:15 | Build | House |
| 27:16 | Build | House |
| 27:17 | Create | Villager (Male) |
Build order — NPG | El Metafora
First 150 of 403 actions detected
| 0:01 | Create | Villager (Male) |
| 0:01 | Create | Villager (Male) |
| 0:02 | Create | Villager (Male) |
| 0:03 | Build | House |
| 0:04 | Build | House |
| 0:23 | Create | Villager (Male) |
| 0:37 | Create | Villager (Male) |
| 0:37 | Create | Villager (Male) |
| 1:35 | Create | Villager (Male) |
| 1:35 | Create | Villager (Male) |
| 1:46 | Build | Lumber Camp |
| 1:48 | Create | Villager (Male) |
| 2:22 | Create | Villager (Male) |
| 2:22 | Create | Villager (Male) |
| 3:08 | Create | Villager (Male) |
| 3:08 | Create | Villager (Male) |
| 3:08 | Create | Villager (Male) |
| 3:08 | Create | Villager (Male) |
| 3:39 | Create | Villager (Male) |
| 3:47 | Build | House |
| 3:49 | Build | House |
| 4:21 | Create | Villager (Male) |
| 4:21 | Create | Villager (Male) |
| 4:21 | Create | Villager (Male) |
| 5:05 | Create | Villager (Male) |
| 5:05 | Create | Villager (Male) |
| 5:05 | Create | Villager (Male) |
| 5:05 | Create | Villager (Male) |
| 5:05 | Create | Villager (Male) |
| 5:42 | Build | Mill |
| 6:26 | Create | Villager (Male) |
| 6:26 | Create | Villager (Male) |
| 6:26 | Create | Villager (Male) |
| 7:17 | Create | Villager (Male) |
| 7:17 | Create | Villager (Male) |
| 7:48 | Build | Mining Camp |
| 8:00 | Research | Feudal Age |
| 8:39 | Build | House |
| 10:05 | Age | Feudal Age |
| 10:06 | Create | Villager (Male) |
| 10:10 | Build | Blacksmith |
| 10:16 | Build | Market |
| 10:20 | Create | Villager (Male) |
| 10:54 | Create | Villager (Male) |
| 11:20 | Research | Castle Age |
| 11:51 | Build | House |
| 11:54 | Build | House |
| 12:39 | Build | Farm |
| 13:19 | Build | House |
| 13:45 | Age | Castle Age |
| 13:48 | Create | Villager (Male) |
| 13:50 | Research | Double-Bit Axe |
| 13:54 | Build | Town Center |
| 13:58 | Build | Town Center |
| 14:04 | Build | House |
| 14:12 | Research | Horse Collar |
| 14:14 | Create | Villager (Male) |
| 14:28 | Build | Farm |
| 14:28 | Build | Farm |
| 14:29 | Build | Farm |
| 14:29 | Build | Farm |
| 14:29 | Build | Farm |
| 14:29 | Build | Farm |
| 14:30 | Build | Farm |
| 14:30 | Build | Farm |
| 14:38 | Build | Farm |
| 14:44 | Build | Farm |
| 14:48 | Create | Villager (Male) |
| 15:00 | Build | Farm |
| 15:04 | Create | Villager (Male) |
| 15:15 | Build | Farm |
| 15:25 | Build | Farm |
| 15:25 | Build | Farm |
| 15:26 | Build | Farm |
| 15:26 | Build | Farm |
| 15:31 | Create | Villager (Male) |
| 15:39 | Build | Farm |
| 15:48 | Build | Farm |
| 15:48 | Build | Farm |
| 15:48 | Build | Farm |
| 15:49 | Build | Farm |
| 15:49 | Build | Farm |
| 15:55 | Build | Farm |
| 16:00 | Create | Villager (Male) |
| 16:08 | Research | Loom |
| 16:08 | Research | Loom |
| 16:12 | Create | Villager (Male) |
| 16:22 | Build | Farm |
| 16:22 | Build | Farm |
| 16:22 | Build | Farm |
| 16:22 | Build | Farm |
| 16:23 | Build | Farm |
| 16:23 | Build | Farm |
| 16:27 | Build | Farm |
| 16:29 | Create | Villager (Male) |
| 16:34 | Build | Farm |
| 16:35 | Build | Farm |
| 16:35 | Build | Farm |
| 16:35 | Build | Farm |
| 16:35 | Build | Farm |
| 16:39 | Create | Villager (Male) |
| 16:49 | Build | Farm |
| 16:55 | Create | Villager (Male) |
| 16:55 | Create | Villager (Male) |
| 17:05 | Build | Farm |
| 17:08 | Build | Farm |
| 17:10 | Create | Villager (Male) ×2 |
| 17:24 | Build | Farm |
| 17:26 | Build | Farm |
| 17:28 | Create | Villager (Male) |
| 17:36 | Create | Villager (Male) |
| 17:36 | Create | Villager (Male) |
| 17:36 | Create | Villager (Male) |
| 17:43 | Create | Villager (Male) |
| 17:43 | Create | Villager (Male) |
| 17:54 | Create | Villager (Male) |
| 17:54 | Create | Villager (Male) |
| 17:59 | Build | Farm |
| 17:59 | Build | Farm |
| 17:59 | Build | Farm |
| 17:59 | Build | Farm |
| 17:59 | Build | Farm |
| 18:03 | Create | Villager (Male) |
| 18:10 | Create | Villager (Male) |
| 18:16 | Create | Villager (Male) |
| 18:30 | Create | Villager (Male) |
| 18:34 | Create | Villager (Male) ×2 |
| 18:48 | Create | Villager (Male) |
| 18:54 | Build | Farm |
| 18:55 | Build | Farm |
| 18:56 | Build | Farm |
| 19:06 | Create | Villager (Male) ×2 |
| 19:19 | Build | Farm |
| 19:19 | Build | Farm |
| 19:19 | Build | Farm |
| 19:20 | Build | Farm |
| 19:20 | Build | Farm |
| 19:20 | Build | Farm |
| 19:20 | Build | Farm |
| 19:24 | Create | Villager (Male) ×2 |
| 19:24 | Create | Villager (Male) ×2 |
| 19:24 | Create | Villager (Male) |
| 19:45 | Create | Villager (Male) |
| 19:45 | Create | Villager (Male) |
| 19:46 | Create | Villager (Male) |
| 19:46 | Create | Villager (Male) |
| 20:05 | Build | Town Center |
| 20:08 | Create | Villager (Male) ×4 |
| 20:23 | Build | Lumber Camp |
| 20:29 | Create | Villager (Male) ×4 |
Build order — 久久
First 150 of 401 actions detected
| 0:02 | Research | Loom |
| 0:58 | Create | Villager (Male) |
| 0:59 | Create | Villager (Male) |
| 1:30 | Build | Lumber Camp |
| 1:35 | Create | Villager (Male) |
| 1:35 | Create | Villager (Male) |
| 2:36 | Create | Villager (Male) |
| 2:36 | Create | Villager (Male) |
| 2:37 | Create | Villager (Male) |
| 2:45 | Create | Villager (Male) |
| 2:45 | Create | Villager (Male) |
| 3:03 | Create | Villager (Male) |
| 3:03 | Create | Villager (Male) |
| 3:58 | Create | Villager (Male) |
| 3:58 | Create | Villager (Male) |
| 4:02 | Build | House |
| 4:33 | Create | Villager (Male) |
| 4:33 | Create | Villager (Male) |
| 4:46 | Build | House |
| 5:09 | Build | House |
| 5:13 | Build | Mill |
| 5:41 | Build | House |
| 6:02 | Create | Villager (Male) |
| 6:03 | Create | Villager (Male) |
| 6:23 | Create | Villager (Male) |
| 6:51 | Create | Villager (Male) |
| 7:29 | Create | Villager (Male) |
| 8:14 | Research | Feudal Age |
| 8:20 | Build | Mining Camp |
| 8:51 | Create | Villager (Male) |
| 8:52 | Create | Villager (Male) |
| 8:53 | Create | Villager (Male) |
| 10:24 | Age | Feudal Age |
| 10:30 | Build | Market |
| 10:36 | Build | Blacksmith |
| 11:11 | Create | Villager (Male) |
| 12:00 | Create | Villager (Male) |
| 12:30 | Research | Castle Age |
| 12:46 | Build | Farm |
| 12:47 | Build | Farm |
| 12:47 | Build | Farm |
| 13:05 | Create | Villager (Male) |
| 13:36 | Build | Farm |
| 13:36 | Build | Farm |
| 14:07 | Research | Double-Bit Axe |
| 15:10 | Age | Castle Age |
| 15:20 | Build | Town Center |
| 15:27 | Research | Wheelbarrow |
| 15:31 | Build | Town Center |
| 15:37 | Create | Villager (Male) |
| 15:59 | Create | Villager (Male) ×2 |
| 16:41 | Create | Villager (Male) ×3 |
| 16:44 | Build | Farm |
| 17:03 | Create | Villager (Male) |
| 17:25 | Create | Villager (Male) |
| 17:31 | Build | Farm |
| 17:32 | Build | Farm |
| 17:32 | Build | Farm |
| 17:46 | Build | Town Center |
| 17:50 | Create | Villager (Male) |
| 18:14 | Create | Villager (Male) |
| 18:19 | Build | Farm |
| 18:19 | Build | Farm |
| 18:31 | Create | Villager (Male) |
| 18:49 | Create | Villager (Male) |
| 19:03 | Create | Villager (Male) |
| 19:06 | Build | Town Center |
| 19:23 | Create | Villager (Male) ×2 |
| 19:27 | Build | Farm |
| 19:41 | Create | Villager (Male) |
| 19:55 | Build | Farm |
| 19:58 | Build | Farm |
| 19:59 | Create | Villager (Male) |
| 20:08 | Build | Farm |
| 20:08 | Build | Farm |
| 20:15 | Create | Villager (Male) |
| 20:19 | Build | Farm |
| 20:25 | Create | Villager (Male) |
| 20:30 | Build | Farm |
| 20:33 | Build | Farm |
| 20:36 | Create | Villager (Male) |
| 21:04 | Create | Villager (Male) ×3 |
| 21:06 | Build | Farm |
| 21:09 | Create | Villager (Male) |
| 21:15 | Build | Farm |
| 21:15 | Build | Farm |
| 21:15 | Build | Farm |
| 21:19 | Build | Farm |
| 21:22 | Create | Villager (Male) |
| 21:27 | Create | Villager (Male) |
| 21:35 | Build | Farm |
| 21:38 | Create | Villager (Male) |
| 21:40 | Create | Villager (Male) |
| 21:44 | Build | Farm |
| 21:44 | Build | Farm |
| 21:46 | Create | Villager (Male) |
| 21:54 | Build | Farm |
| 21:56 | Create | Villager (Male) |
| 22:04 | Build | Farm |
| 22:07 | Create | Villager (Male) ×2 |
| 22:14 | Create | Villager (Male) |
| 22:21 | Create | Villager (Male) |
| 22:29 | Build | Farm |
| 22:32 | Create | Villager (Male) ×2 |
| 22:40 | Create | Villager (Male) |
| 22:45 | Create | Villager (Male) |
| 22:48 | Create | Villager (Male) |
| 22:56 | Create | Villager (Male) ×2 |
| 23:01 | Build | Farm |
| 23:03 | Create | Villager (Male) |
| 23:19 | Create | Villager (Male) ×2 |
| 23:33 | Create | Villager (Male) ×4 |
| 23:36 | Build | Farm |
| 23:38 | Create | Villager (Male) |
| 23:45 | Create | Villager (Male) ×2 |
| 24:01 | Build | Castle |
| 24:02 | Create | Villager (Male) ×3 |
| 24:08 | Build | Farm |
| 24:08 | Build | Farm |
| 24:08 | Build | Farm |
| 24:13 | Build | Farm |
| 24:14 | Create | Villager (Male) ×3 |
| 24:16 | Build | Farm |
| 24:19 | Create | Villager (Male) |
| 24:22 | Build | Farm |
| 24:23 | Build | Farm |
| 24:23 | Build | Farm |
| 24:23 | Build | Farm |
| 24:23 | Build | Farm |
| 24:26 | Create | Villager (Male) |
| 24:36 | Build | Farm |
| 24:36 | Build | Farm |
| 24:37 | Build | Farm |
| 24:37 | Build | Farm |
| 24:41 | Create | Villager (Male) ×4 |
| 24:43 | Build | Farm |
| 24:52 | Build | Farm |
| 24:57 | Create | Villager (Male) ×3 |
| 25:13 | Create | Villager (Male) ×5 |
| 25:19 | Create | Villager (Male) |
| 25:23 | Build | Farm |
| 25:32 | Build | House |
| 25:33 | Build | House |
| 25:34 | Build | House |
| 25:35 | Build | House |
| 25:36 | Build | House |
| 25:36 | Build | House |
| 25:46 | Create | Villager (Male) ×5 |
| 26:06 | Create | Villager (Male) ×5 |
| 26:16 | Build | Mining Camp |
Build order — Geo2ge
First 150 of 525 actions detected
| 0:06 | Create | Villager (Male) |
| 0:06 | Create | Villager (Male) |
| 0:06 | Create | Villager (Male) |
| 0:07 | Create | Villager (Male) |
| 0:08 | Build | House |
| 0:10 | Build | House |
| 1:42 | Create | Villager (Male) |
| 2:01 | Create | Villager (Male) |
| 2:51 | Create | Villager (Male) |
| 3:08 | Create | Villager (Male) |
| 3:16 | Create | Villager (Male) |
| 3:21 | Build | Lumber Camp |
| 3:45 | Build | House |
| 3:46 | Build | House |
| 3:47 | Build | House |
| 4:05 | Create | Villager (Male) |
| 4:25 | Create | Villager (Male) |
| 4:59 | Create | Villager (Male) |
| 4:59 | Create | Villager (Male) |
| 5:48 | Create | Villager (Male) |
| 6:06 | Create | Villager (Male) |
| 6:24 | Build | Mill |
| 6:31 | Create | Villager (Male) |
| 6:48 | Create | Villager (Male) |
| 7:23 | Create | Villager (Male) |
| 7:23 | Create | Villager (Male) |
| 8:25 | Build | Mining Camp |
| 8:37 | Research | Feudal Age |
| 10:43 | Create | Villager (Male) |
| 10:43 | Create | Villager (Male) |
| 10:47 | Age | Feudal Age |
| 10:56 | Build | Blacksmith |
| 10:59 | Build | Market |
| 11:06 | Research | Double-Bit Axe |
| 11:17 | Create | Villager (Male) |
| 11:24 | Build | House |
| 12:07 | Create | Villager (Male) |
| 12:49 | Research | Castle Age |
| 12:59 | Build | Barracks |
| 13:13 | Build | Farm |
| 13:25 | Build | Farm |
| 13:39 | Research | Horse Collar |
| 13:40 | Research | Horse Collar |
| 13:40 | Research | Horse Collar |
| 13:40 | Research | Horse Collar |
| 13:52 | Build | Farm |
| 13:58 | Build | Farm |
| 14:20 | Build | Farm |
| 14:21 | Build | Farm |
| 14:25 | Build | Farm |
| 14:26 | Create | Villager (Male) |
| 14:26 | Research | Loom |
| 14:28 | Build | Farm |
| 14:31 | Build | Farm |
| 14:48 | Research | Gold Mining |
| 14:48 | Research | Gold Mining |
| 15:27 | Create | Villager (Male) |
| 15:29 | Age | Castle Age |
| 15:40 | Create | Villager (Male) |
| 15:56 | Create | Villager (Male) |
| 16:15 | Create | Villager (Male) |
| 16:19 | Build | Town Center |
| 16:38 | Build | Town Center |
| 16:47 | Research | Bow Saw |
| 16:47 | Research | Bow Saw |
| 16:48 | Research | Bow Saw |
| 17:01 | Build | Farm |
| 17:08 | Build | Farm |
| 17:12 | Create | Villager (Male) |
| 17:23 | Build | Farm |
| 17:32 | Build | Farm |
| 17:32 | Create | Villager (Male) |
| 17:35 | Build | House |
| 17:45 | Build | House |
| 17:49 | Research | Loom |
| 17:52 | Create | Villager (Male) |
| 18:03 | Create | Villager (Male) |
| 18:06 | Build | Farm |
| 18:09 | Create | Villager (Male) |
| 18:22 | Create | Villager (Male) |
| 18:29 | Create | Villager (Male) |
| 18:34 | Create | Villager (Male) |
| 18:39 | Research | Heavy Plow |
| 18:55 | Create | Villager (Male) |
| 19:03 | Create | Villager (Male) |
| 19:08 | Build | Siege Workshop |
| 19:17 | Build | Stable |
| 19:18 | Create | Villager (Male) |
| 19:19 | Create | Villager (Male) |
| 19:27 | Build | Farm |
| 19:29 | Build | Farm |
| 19:31 | Build | Farm |
| 19:34 | Build | Farm |
| 19:37 | Create | Villager (Male) |
| 19:53 | Create | Villager (Male) |
| 19:55 | Build | Stable |
| 20:06 | Build | Farm |
| 20:07 | Build | Farm |
| 20:08 | Build | Farm |
| 20:09 | Create | Knight |
| 20:14 | Build | Farm |
| 20:17 | Build | Farm |
| 20:23 | Build | Farm |
| 20:26 | Build | Farm |
| 20:28 | Create | Knight |
| 20:37 | Research | Scale Barding Armor |
| 20:37 | Research | Scale Barding Armor |
| 20:37 | Research | Scale Barding Armor |
| 20:38 | Research | Scale Barding Armor |
| 21:04 | Create | Villager (Male) |
| 21:06 | Create | Knight |
| 21:12 | Build | Monastery |
| 21:20 | Create | Villager (Male) |
| 21:22 | Create | Knight |
| 21:29 | Build | Farm |
| 21:51 | Research | Chain Barding Armor |
| 21:52 | Create | Knight |
| 21:59 | Build | House |
| 22:00 | Build | House |
| 22:01 | Build | House |
| 22:11 | Create | Villager (Male) |
| 22:12 | Create | Knight |
| 22:15 | Create | Villager (Male) |
| 22:15 | Create | Villager (Male) |
| 22:45 | Research | Bloodlines |
| 22:58 | Create | Villager (Male) |
| 22:58 | Create | Villager (Male) |
| 23:02 | Create | Villager (Male) |
| 23:06 | Create | Knight |
| 23:08 | Create | Villager (Male) |
| 23:19 | Build | House |
| 23:19 | Build | House |
| 23:19 | Build | House |
| 23:20 | Build | House |
| 23:20 | Build | House |
| 23:21 | Create | Villager (Male) |
| 23:24 | Build | Mining Camp |
| 23:27 | Create | Monk |
| 24:01 | Create | Villager (Male) |
| 24:05 | Create | Villager (Male) |
| 24:06 | Create | Villager (Male) |
| 24:11 | Create | Villager (Male) |
| 24:15 | Research | Wheelbarrow |
| 24:21 | Create | Villager (Male) |
| 24:25 | Create | Villager (Male) |
| 25:10 | Build | University |
| 25:34 | Build | Mining Camp |
| 26:07 | Research | Imperial Age |
| 26:17 | Create | Villager (Male) |
| 26:17 | Create | Villager (Male) |
Build order — 马大帅
First 150 of 339 actions detected
| 0:01 | Create | Villager (Male) |
| 0:02 | Create | Villager (Male) |
| 0:02 | Create | Villager (Male) |
| 0:02 | Create | Villager (Male) |
| 0:02 | Create | Villager (Male) |
| 0:02 | Create | Villager (Male) |
| 0:04 | Build | House |
| 0:06 | Build | House |
| 1:47 | Create | Villager (Male) |
| 1:47 | Create | Villager (Male) |
| 1:49 | Build | Lumber Camp |
| 1:52 | Build | House |
| 1:53 | Build | House |
| 2:00 | Create | Villager (Male) |
| 2:56 | Create | Villager (Male) |
| 2:57 | Create | Villager (Male) |
| 2:57 | Create | Villager (Male) |
| 3:39 | Create | Villager (Male) |
| 4:25 | Create | Villager (Male) |
| 4:25 | Create | Villager (Male) |
| 4:42 | Build | Mill |
| 4:50 | Create | Villager (Male) |
| 4:52 | Create | Villager (Male) |
| 5:00 | Create | Villager (Male) |
| 5:22 | Create | Villager (Male) |
| 5:22 | Create | Villager (Male) |
| 7:06 | Create | Villager (Male) |
| 7:06 | Create | Villager (Male) |
| 7:06 | Create | Villager (Male) |
| 7:09 | Build | Farm |
| 7:35 | Build | Farm |
| 7:37 | Create | Villager (Male) |
| 7:37 | Create | Villager (Male) |
| 7:59 | Build | Farm |
| 8:30 | Build | Mining Camp |
| 8:54 | Research | Feudal Age |
| 9:18 | Build | House |
| 11:22 | Age | Feudal Age |
| 11:24 | Build | Market |
| 11:29 | Build | Blacksmith |
| 11:38 | Research | Double-Bit Axe |
| 11:51 | Create | Villager (Male) |
| 11:51 | Create | Villager (Male) |
| 12:15 | Research | Castle Age |
| 12:59 | Research | Horse Collar |
| 13:03 | Build | Farm |
| 13:07 | Build | House |
| 13:08 | Build | House |
| 13:09 | Build | House |
| 14:31 | Create | Villager (Male) |
| 14:32 | Create | Villager (Male) |
| 14:36 | Build | House |
| 14:37 | Build | House |
| 15:21 | Age | Castle Age |
| 15:26 | Build | Town Center |
| 15:31 | Build | Town Center |
| 15:49 | Research | Wheelbarrow |
| 16:03 | Build | Lumber Camp |
| 16:14 | Build | Farm |
| 16:14 | Build | Farm |
| 16:15 | Build | Farm |
| 16:15 | Build | Farm |
| 16:28 | Build | Farm |
| 16:29 | Create | Villager (Male) |
| 16:32 | Build | House |
| 16:33 | Build | House |
| 16:44 | Build | Farm |
| 16:45 | Create | Villager (Male) |
| 16:45 | Create | Villager (Male) |
| 16:46 | Create | Villager (Male) |
| 16:51 | Create | Villager (Male) |
| 16:52 | Create | Villager (Male) |
| 16:52 | Create | Villager (Male) |
| 16:54 | Create | Villager (Male) |
| 16:54 | Create | Villager (Male) |
| 17:07 | Build | Farm |
| 17:08 | Create | Villager (Male) |
| 17:12 | Build | House |
| 17:16 | Build | Farm |
| 17:22 | Create | Villager (Male) |
| 17:36 | Build | Farm |
| 17:42 | Build | Farm |
| 17:48 | Build | Farm |
| 17:57 | Create | Villager (Male) |
| 17:57 | Create | Villager (Male) |
| 18:06 | Build | Farm |
| 18:10 | Build | House |
| 18:10 | Build | House |
| 18:12 | Create | Villager (Male) |
| 18:13 | Create | Villager (Male) |
| 18:19 | Create | Villager (Male) |
| 18:20 | Create | Villager (Male) |
| 18:23 | Build | Farm |
| 18:36 | Build | Farm |
| 18:38 | Build | Farm |
| 18:43 | Build | Farm |
| 18:50 | Build | Farm |
| 18:56 | Create | Villager (Male) |
| 18:56 | Create | Villager (Male) |
| 19:03 | Create | Villager (Male) |
| 19:03 | Create | Villager (Male) |
| 19:20 | Create | Villager (Male) |
| 19:21 | Create | Villager (Male) |
| 19:21 | Create | Villager (Male) |
| 19:25 | Build | Farm |
| 19:29 | Build | Farm |
| 19:53 | Build | Town Center |
| 20:04 | Build | Barracks |
| 20:07 | Build | Farm |
| 20:08 | Build | Farm |
| 20:14 | Build | House |
| 20:15 | Build | House |
| 20:34 | Create | Villager (Male) |
| 20:34 | Create | Villager (Male) |
| 20:35 | Create | Villager (Male) |
| 20:35 | Create | Villager (Male) |
| 20:41 | Build | Farm |
| 20:42 | Create | Villager (Male) |
| 20:46 | Build | Archery Range |
| 21:06 | Create | Villager (Male) |
| 21:06 | Create | Villager (Male) |
| 21:12 | Build | Farm |
| 21:20 | Build | Barracks |
| 21:21 | Research | Pikeman (upgrade) |
| 21:27 | Build | Siege Workshop |
| 21:29 | Create | Villager (Male) |
| 21:29 | Create | Villager (Male) |
| 21:36 | Build | Farm |
| 21:37 | Create | Villager (Male) |
| 21:37 | Create | Villager (Male) |
| 21:42 | Research | Stone Mining |
| 21:42 | Research | Gold Mining |
| 22:19 | Create | Villager (Male) |
| 22:19 | Create | Villager (Male) |
| 22:20 | Create | Villager (Male) |
| 22:21 | Create | Villager (Male) |
| 22:34 | Create | Villager (Male) |
| 22:35 | Create | Villager (Male) |
| 22:35 | Create | Villager (Male) |
| 22:36 | Create | Villager (Male) |
| 22:40 | Build | Barracks |
| 22:42 | Create | Spearman ×5 |
| 22:45 | Research | Scale Mail Armor |
| 22:45 | Research | Forging |
| 22:47 | Create | Villager (Male) |
| 23:05 | Create | Villager (Male) |
| 23:11 | Build | Siege Workshop |
| 23:15 | Create | Spearman ×5 |
| 23:24 | Research | Forging |
| 23:29 | Build | Mill |
Build order — -リューク
First 150 of 484 actions detected
| 0:03 | Build | House |
| 0:07 | Build | House |
| 0:08 | Build | House |
| 0:08 | Create | Villager (Male) |
| 0:09 | Create | Villager (Male) |
| 0:09 | Create | Villager (Male) |
| 0:13 | Create | Villager (Male) |
| 0:13 | Create | Villager (Male) |
| 1:37 | Create | Villager (Male) |
| 1:47 | Create | Villager (Male) |
| 1:56 | Build | Lumber Camp |
| 2:24 | Create | Villager (Male) |
| 2:59 | Create | Villager (Male) |
| 3:00 | Create | Villager (Male) |
| 3:27 | Create | Villager (Male) |
| 3:54 | Create | Villager (Male) |
| 4:00 | Build | House |
| 4:01 | Create | Villager (Male) |
| 4:23 | Build | Mill |
| 5:07 | Create | Villager (Male) |
| 5:07 | Create | Villager (Male) |
| 5:07 | Create | Villager (Male) |
| 5:09 | Create | Villager (Male) |
| 5:09 | Create | Villager (Male) |
| 5:40 | Create | Villager (Male) |
| 6:32 | Create | Villager (Male) |
| 6:55 | Build | House |
| 7:07 | Create | Villager (Male) |
| 7:08 | Create | Villager (Male) |
| 7:23 | Create | Villager (Male) |
| 8:05 | Create | Villager (Male) |
| 8:05 | Research | Feudal Age |
| 8:07 | Research | Feudal Age |
| 9:18 | Build | House |
| 9:57 | Create | Villager (Male) |
| 9:57 | Create | Villager (Male) |
| 10:39 | Build | Farm |
| 10:39 | Build | Farm |
| 10:39 | Build | Farm |
| 10:41 | Age | Feudal Age |
| 10:42 | Build | Farm |
| 10:59 | Build | Market |
| 11:14 | Build | Lumber Camp |
| 11:18 | Create | Villager (Male) |
| 11:29 | Research | Double-Bit Axe |
| 11:53 | Create | Villager (Male) |
| 12:09 | Create | Villager (Male) |
| 12:25 | Create | Villager (Male) |
| 12:41 | Build | Blacksmith |
| 12:56 | Create | Villager (Male) |
| 12:56 | Create | Villager (Male) |
| 13:09 | Build | House |
| 13:22 | Build | Mining Camp |
| 13:36 | Build | House |
| 13:49 | Build | Farm |
| 13:52 | Build | Farm |
| 14:07 | Create | Villager (Male) |
| 14:13 | Build | Farm |
| 14:22 | Create | Villager (Male) |
| 14:32 | Build | Farm |
| 14:35 | Research | Castle Age |
| 14:43 | Build | Farm |
| 14:47 | Build | Farm |
| 14:52 | Build | Farm |
| 14:53 | Build | Farm |
| 15:20 | Build | Mining Camp |
| 15:26 | Create | Villager (Male) |
| 15:27 | Create | Villager (Male) |
| 16:56 | Build | Farm |
| 17:00 | Build | Farm |
| 17:03 | Build | Farm |
| 17:42 | Age | Castle Age |
| 17:47 | Build | Town Center |
| 18:04 | Build | Town Center |
| 18:09 | Create | Villager (Male) |
| 18:09 | Create | Villager (Male) |
| 18:14 | Create | Villager (Male) |
| 18:15 | Research | Bow Saw |
| 18:30 | Create | Villager (Male) |
| 18:31 | Create | Villager (Male) |
| 18:39 | Build | House |
| 18:41 | Build | House |
| 18:47 | Build | House |
| 18:54 | Create | Villager (Male) |
| 19:06 | Create | Villager (Male) |
| 19:07 | Create | Villager (Male) |
| 19:07 | Create | Villager (Male) |
| 19:08 | Create | Villager (Male) |
| 19:46 | Build | Lumber Camp |
| 19:47 | Create | Villager (Male) |
| 19:48 | Create | Villager (Male) |
| 19:48 | Create | Villager (Male) |
| 19:49 | Create | Villager (Male) |
| 19:51 | Create | Villager (Male) |
| 19:51 | Create | Villager (Male) |
| 19:51 | Create | Villager (Male) |
| 19:53 | Create | Villager (Male) |
| 19:53 | Create | Villager (Male) |
| 19:57 | Create | Villager (Male) |
| 19:57 | Create | Villager (Male) |
| 19:58 | Create | Villager (Male) |
| 20:00 | Create | Villager (Male) |
| 20:14 | Build | Barracks |
| 20:18 | Create | Villager (Male) |
| 20:19 | Create | Villager (Male) |
| 20:28 | Build | House |
| 20:30 | Build | House |
| 20:51 | Research | Gold Mining |
| 21:25 | Research | Fletching |
| 21:27 | Research | Horse Collar |
| 21:43 | Create | Villager (Male) |
| 21:55 | Build | Archery Range |
| 21:58 | Build | Archery Range |
| 22:08 | Build | University |
| 22:11 | Create | Villager (Male) |
| 22:12 | Create | Villager (Male) |
| 22:13 | Create | Villager (Male) |
| 22:46 | Build | Castle |
| 23:00 | Create | Villager (Male) |
| 23:01 | Create | Villager (Male) |
| 23:01 | Create | Villager (Male) |
| 23:02 | Create | Villager (Male) |
| 23:02 | Create | Villager (Male) |
| 23:03 | Create | Villager (Male) |
| 23:38 | Research | Gold Shaft Mining |
| 23:48 | Create | Villager (Male) |
| 23:49 | Create | Villager (Male) |
| 23:59 | Build | House |
| 24:36 | Build | Lumber Camp |
| 24:39 | Create | Longbowman |
| 24:39 | Create | Longbowman |
| 24:40 | Create | Longbowman |
| 24:40 | Create | Longbowman |
| 24:40 | Create | Longbowman |
| 24:41 | Create | Longbowman |
| 24:41 | Create | Villager (Male) |
| 24:42 | Create | Villager (Male) |
| 24:42 | Create | Villager (Male) |
| 24:46 | Research | Stone Mining |
| 24:51 | Create | Longbowman |
| 24:51 | Create | Longbowman |
| 24:52 | Create | Longbowman |
| 24:52 | Create | Longbowman |
| 24:57 | Research | Ballistics |
| 25:11 | Research | Bodkin Arrow |
| 25:16 | Create | Villager (Male) |
| 25:20 | Create | Villager (Male) |
| 25:20 | Create | Villager (Male) |
| 25:26 | Build | Farm |
| 25:32 | Create | Longbowman |
Build order — 中原めいこ
First 150 of 687 actions detected
| 0:01 | Create | Villager (Male) |
| 0:01 | Create | Villager (Male) |
| 0:03 | Build | House |
| 0:04 | Build | House |
| 0:35 | Create | Villager (Male) |
| 0:35 | Create | Villager (Male) |
| 0:35 | Create | Villager (Male) |
| 1:45 | Create | Villager (Male) |
| 1:46 | Create | Villager (Male) |
| 1:57 | Create | Villager (Male) |
| 2:04 | Build | Lumber Camp |
| 2:15 | Create | Villager (Male) |
| 2:40 | Create | Villager (Male) |
| 3:21 | Create | Villager (Male) |
| 3:44 | Create | Villager (Male) |
| 3:44 | Create | Villager (Male) |
| 3:52 | Build | Mill |
| 4:02 | Build | House |
| 4:13 | Create | Villager (Male) |
| 4:38 | Create | Villager (Male) |
| 4:38 | Create | Villager (Male) |
| 5:22 | Create | Villager (Male) |
| 5:23 | Create | Villager (Male) |
| 5:37 | Create | Villager (Male) |
| 6:09 | Build | House |
| 6:33 | Create | Villager (Male) |
| 6:34 | Create | Villager (Male) |
| 7:04 | Create | Villager (Male) |
| 7:55 | Research | Feudal Age |
| 8:12 | Build | Mining Camp |
| 8:19 | Create | Villager (Male) |
| 8:20 | Create | Villager (Male) |
| 10:10 | Age | Feudal Age |
| 10:15 | Build | Market |
| 10:18 | Build | Blacksmith |
| 10:26 | Research | Double-Bit Axe |
| 11:18 | Research | Castle Age |
| 11:18 | Research | Castle Age |
| 12:06 | Research | Horse Collar |
| 12:24 | Build | House |
| 12:54 | Create | Villager (Male) |
| 12:54 | Create | Villager (Male) |
| 13:14 | Build | Farm |
| 13:18 | Build | Farm |
| 13:58 | Age | Castle Age |
| 14:00 | Build | Town Center |
| 14:17 | Build | Town Center |
| 14:31 | Build | Farm |
| 14:35 | Build | Farm |
| 15:02 | Build | Farm |
| 15:17 | Create | Villager (Male) |
| 15:21 | Create | Villager (Male) |
| 15:22 | Research | Loom |
| 15:23 | Create | Villager (Male) |
| 15:23 | Create | Villager (Male) |
| 15:26 | Build | Farm |
| 15:31 | Build | Farm |
| 15:34 | Create | Villager (Male) |
| 15:34 | Create | Villager (Male) |
| 15:37 | Create | Villager (Male) |
| 15:45 | Build | Farm |
| 15:53 | Create | Villager (Male) |
| 15:59 | Create | Villager (Male) |
| 16:04 | Create | Villager (Male) |
| 16:06 | Create | Villager (Male) |
| 16:22 | Build | Farm |
| 16:26 | Create | Villager (Male) |
| 16:31 | Create | Villager (Male) |
| 16:37 | Build | Farm |
| 16:43 | Build | Farm |
| 16:45 | Build | Farm |
| 16:46 | Create | Villager (Male) |
| 16:56 | Build | Farm |
| 17:00 | Build | Farm |
| 17:12 | Build | Farm |
| 17:14 | Create | Villager (Male) |
| 17:22 | Build | House |
| 17:35 | Research | Wheelbarrow |
| 17:41 | Build | House |
| 17:48 | Create | Villager (Male) |
| 17:48 | Create | Villager (Male) |
| 17:55 | Create | Villager (Male) |
| 18:03 | Build | Monastery |
| 18:09 | Build | House |
| 18:10 | Build | House |
| 18:12 | Build | House |
| 18:13 | Create | Villager (Male) |
| 18:15 | Create | Villager (Male) |
| 18:22 | Create | Villager (Male) |
| 18:38 | Build | Farm |
| 18:41 | Build | Farm |
| 18:43 | Create | Villager (Male) |
| 18:46 | Build | Farm |
| 18:47 | Create | Villager (Male) |
| 18:50 | Build | Farm |
| 18:52 | Create | Villager (Male) |
| 18:58 | Create | Monk |
| 19:04 | Build | Farm |
| 19:06 | Build | Farm |
| 19:15 | Create | Villager (Male) |
| 19:16 | Create | Villager (Male) |
| 19:25 | Build | House |
| 19:26 | Build | House |
| 19:37 | Create | Villager (Male) |
| 19:37 | Create | Villager (Male) |
| 19:42 | Create | Villager (Male) |
| 19:55 | Create | Villager (Male) |
| 20:01 | Create | Villager (Male) |
| 20:07 | Create | Villager (Male) |
| 20:08 | Create | Villager (Male) |
| 20:09 | Create | Villager (Male) |
| 20:13 | Build | Farm |
| 20:16 | Build | Farm |
| 20:21 | Create | Villager (Male) |
| 20:40 | Create | Villager (Male) |
| 20:41 | Create | Villager (Male) |
| 20:44 | Build | House |
| 20:45 | Build | House |
| 20:47 | Create | Villager (Male) |
| 20:56 | Create | Villager (Male) |
| 20:58 | Build | Farm |
| 20:59 | Create | Villager (Male) |
| 21:00 | Create | Villager (Male) |
| 21:09 | Build | Castle |
| 21:11 | Build | Mining Camp |
| 21:12 | Create | Villager (Male) |
| 21:17 | Create | Villager (Male) |
| 21:18 | Create | Villager (Male) |
| 21:19 | Create | Villager (Male) |
| 21:22 | Build | Mill |
| 21:23 | Build | Farm |
| 21:23 | Build | Farm |
| 21:24 | Build | Farm |
| 21:24 | Build | Farm |
| 21:24 | Build | Farm |
| 21:32 | Create | Villager (Male) |
| 21:33 | Create | Villager (Male) |
| 21:45 | Create | Monk |
| 21:52 | Create | Villager (Male) |
| 21:55 | Build | Farm |
| 22:07 | Build | Town Center |
| 22:10 | Create | Villager (Male) |
| 22:10 | Create | Villager (Male) |
| 22:13 | Build | Farm |
| 22:14 | Research | Heavy Plow |
| 22:21 | Create | Villager (Male) |
| 22:21 | Create | Villager (Male) |
| 22:30 | Create | Villager (Male) |
| 22:30 | Create | Villager (Male) |
| 22:36 | Create | Villager (Male) |
Match timeline
| 5:13 | INandOutBandit · first_building Barracks |
| 10:05 | NPG | El Metafora · age_up feudal |
| 10:10 | 中原めいこ · age_up feudal |
| 10:24 | 久久 · age_up feudal |
| 10:41 | -リューク · age_up feudal |
| 10:47 | Geo2ge · age_up feudal |
| 11:00 | INandOutBandit · age_up feudal |
| 11:22 | 马大帅 · age_up feudal |
| 11:36 | CTM | Chandler · age_up feudal |
| 11:54 | INandOutBandit · first_building Archery Range |
| 12:03 | -リューク · first_market_sell 100 food |
| 12:59 | Geo2ge · first_building Barracks |
| 13:44 | CTM | Chandler · first_building Stable |
| 13:45 | NPG | El Metafora · age_up castle |
| 13:58 | 中原めいこ · age_up castle |
| 14:35 | CTM | Chandler · age_up castle |
| 14:58 | CTM | Chandler · first_building Monastery |
| 15:10 | 久久 · age_up castle |
| 15:21 | 马大帅 · age_up castle |
| 15:29 | Geo2ge · age_up castle |
| 15:45 | INandOutBandit · age_up castle |
| 15:56 | CTM | Chandler · first_building Castle |
| 16:31 | Geo2ge · first_market_buy 100 wood |
| 17:42 | -リューク · age_up castle |
| 18:03 | 中原めいこ · first_building Monastery |
| 18:18 | 马大帅 · first_market_buy 100 food |
| 19:08 | Geo2ge · first_building Siege Workshop |
| 19:17 | Geo2ge · first_building Stable |
| 19:51 | INandOutBandit · first_building Siege Workshop |
| 20:02 | NPG | El Metafora · first_market_buy 100 stone |
| 20:04 | 马大帅 · first_building Barracks |
| 20:14 | -リューク · first_building Barracks |
| 20:46 | 马大帅 · first_building Archery Range |
| 21:09 | 中原めいこ · first_building Castle |
| 21:12 | Geo2ge · first_building Monastery |
| 21:15 | INandOutBandit · first_market_sell 100 food |
| 21:27 | 马大帅 · first_building Siege Workshop |
| 21:55 | -リューク · first_building Archery Range |
| 22:16 | INandOutBandit · wall_segment Palisade Wall x1 |
| 22:20 | INandOutBandit · wall_segment Palisade Wall x1 |
| 22:26 | -リューク · first_market_buy 100 stone |
| 22:46 | -リューク · first_building Castle |
| 24:01 | 久久 · first_building Castle |
| 24:21 | NPG | El Metafora · first_building Monastery |
| 24:26 | INandOutBandit · first_building Castle |
| 24:46 | INandOutBandit · wall_segment Palisade Wall x1 |
| 25:45 | 马大帅 · first_building Castle |
| 26:07 | Geo2ge · first_market_sell 100 wood |
| 26:26 | 中原めいこ · first_building Barracks |
| 26:31 | 久久 · first_building Barracks |
| 26:43 | 久久 · first_building Siege Workshop |
| 27:46 | 中原めいこ · first_building Siege Workshop |
| 27:46 | 久久 · first_building Archery Range |
| 27:59 | NPG | El Metafora · first_building Barracks |
| 29:01 | NPG | El Metafora · first_building Stable |
| 29:17 | Geo2ge · age_up imperial |
| 29:19 | NPG | El Metafora · first_building Castle |
| 29:40 | 中原めいこ · first_building Archery Range |
| 29:50 | Geo2ge · first_building Castle |
| 30:03 | Geo2ge · tribute_sent a jugador 1 |
| 30:03 | Geo2ge · tribute_sent a jugador 2 |
| 30:03 | Geo2ge · tribute_sent a jugador 3 |
| 30:03 | Geo2ge · tribute_sent a jugador 4 |
| 30:03 | Geo2ge · tribute_sent a jugador 6 |
| 30:03 | Geo2ge · tribute_sent a jugador 7 |
| 30:03 | Geo2ge · tribute_sent a jugador 8 |
| 30:15 | Geo2ge · tribute_sent a jugador 1 |
| 30:15 | Geo2ge · tribute_sent a jugador 2 |
| 30:15 | Geo2ge · tribute_sent a jugador 3 |
| 30:15 | Geo2ge · tribute_sent a jugador 4 |
| 30:15 | Geo2ge · tribute_sent a jugador 6 |
| 30:15 | Geo2ge · tribute_sent a jugador 7 |
| 30:15 | Geo2ge · tribute_sent a jugador 8 |
| 30:33 | 久久 · age_up imperial |
| 30:55 | 马大帅 · age_up imperial |
| 30:56 | NPG | El Metafora · age_up imperial |
| 31:16 | -リューク · first_building Monastery |
| 31:28 | 久久 · first_building Stable |
| 31:41 | 中原めいこ · first_building Stable |
| 32:14 | NPG | El Metafora · first_market_sell 500 food |
| 32:48 | 中原めいこ · age_up imperial |
| 33:30 | -リューク · age_up imperial |
| 35:22 | CTM | Chandler · first_building Siege Workshop |
| 36:26 | 久久 · first_market_sell 100 wood |
| 36:51 | INandOutBandit · wall_segment Stone Wall x3 |
| 37:38 | INandOutBandit · age_up imperial |
| 39:29 | CTM | Chandler · first_market_sell 100 wood |
| 39:33 | Geo2ge · first_building Archery Range |
| 43:12 | Geo2ge · wall_segment Stone Wall x1 |
| 43:13 | Geo2ge · wall_segment Stone Wall x1 |
| 45:21 | CTM | Chandler · resign |
| 47:39 | 久久 · tribute_sent a jugador 1 |
| 47:39 | 久久 · tribute_sent a jugador 2 |
| 47:39 | 久久 · tribute_sent a jugador 3 |
| 47:39 | 久久 · tribute_sent a jugador 5 |
| 47:39 | 久久 · tribute_sent a jugador 6 |
| 47:39 | 久久 · tribute_sent a jugador 7 |
| 47:39 | 久久 · tribute_sent a jugador 8 |
[ AI ANALYSIS · 1 CREDIT ]
What really happened in this match?
Wolo.gg analyzes every decision: build order, eco, micro, common mistakes by bracket. Personalized analysis on WhatsApp or Discord in 30 seconds.
Civ guide
Celts
Map guide
Arena
Perfil
INandOutBandit